 Dungeon Crawl Stone Soup version 0.29.0-4-gdea44cf6ec (webtiles) character file.

Game seed: 7656006366309573436

400 qw the Chopper (level 6, -2/38 HPs)
             Began as a Gargoyle Fighter on Sept 9, 2022.
             Slain by an ogre
             ... wielding a +0 giant club
              (24 damage)
             ... on level 5 of the Dungeon.
             The game lasted 00:01:32 (3692 turns).

qw the Chopper (Gargoyle Fighter)                   Turns: 3692, Time: 00:01:33

Health: -2/38      AC: 18    Str: 21    XL:     6   Next: 84%
Magic:  6/6        EV:  9    Int:  9    God:
Gold:   192        SH:  4    Dex:  9    Spells: 5/5 levels left

rFire   . . .      SeeInvis .   Y - +1 war axe
rCold   . . .      Faith    .   c - +0 buckler
rNeg    + . .      Spirit   .   r - +0 plate armour
rPois   inf        Reflect  .   l - +0 helmet
rElec   +          Harm     .   (no cloak)
rCorr   +          Rampage  .   (no gloves)
Will    .....                   b - +0 pair of boots
Stlth   ..........              (no amulet)
HPRegen 0.12/turn               m - ring of resist corrosion
MPRegen 0.10/turn               n - +4 ring of evasion

@: no status effects
A: sickness immunity, AC +4, negative energy resistance 1, electricity
resistance, torment resistance 1, petrification resistance
a: no special abilities


You were on level 5 of the Dungeon.
You visited 1 branch of the dungeon, and saw 5 of its levels.

You collected 192 gold pieces.


Innate Abilities, Weirdness & Mutations

You are immune to sickness and miasma.
Your stone body is resilient. (AC +4)
You are immune to poison.
You resist negative energy. (rN+)
You are resistant to electric shocks. (rElec)
You are resistant to unholy torment.
You are immune to petrification.


   Skills:
 - Level 4.2 Fighting
 - Level 6.0 Axes
 + Level 3.3 Armour
 - Level 3.2 Shields


You had 5 spell levels left.
You didn't know any spells.
Your spell library was empty.

Inventory:

Hand Weapons
 h - a +1 whip of holy wrath
 Y - a +1 war axe (weapon)
Missiles
 u - 4 boomerangs (quivered)
Armour
 b - a +0 pair of boots (worn)
 c - a +0 buckler (worn)
 l - a +0 helmet (worn)
 r - a +0 plate armour (worn)
Jewellery
 m - a ring of resist corrosion (left hand)
 n - a +4 ring of evasion (right hand)
Scrolls
 a - a scroll of identify
 o - 2 scrolls of teleportation
Potions
 d - 2 potions of might
 f - a potion of lignification
 g - a potion of heal wounds
 i - 2 potions of curing
 j - a potion of haste
 p - a potion of attraction
 q - a potion of cancellation {unknown}
 t - a potion of mutation {unknown}

Dungeon Overview and Level Annotations

Branches:
Dungeon (5/15)
 Temple: D:4-7

Altars:
Hepliaklqana
Wu Jian
Yredelemnul


Message History

2 orcs come into view.
The orc shouts! x2; You hear a shout!
An orc comes into view. It is wielding a +0 flail.
Throw: 5 boomerangs
Press: ? - help, Q - select action Shift-Dir - straight line, f - orc You throw a boomerang.
The boomerang barely misses the orc.
The orc shouts!
Throw: 4 boomerangs
Press: ? - help, Q - select action Shift-Dir - straight line, f/p - orc You throw a boomerang.
The boomerang hits the orc.
The orc is moderately wounded.
An orc comes into view. It is wielding a +0 whip.
Throw: 4 boomerangs
Press: ? - help, Q - select action Shift-Dir - straight line, f/p - orc You throw a boomerang.
The boomerang hits the orc.
The orc is moderately wounded.
An ogre comes into view. It is wielding a +0 giant club.
The ogre shouts!
You slash the orc!
You kill the orc!
You slash the orc!
You kill the orc!
An iguana comes into view.
Throw: 4 boomerangs
Press: ? - help, Q - select action Shift-Dir - straight line, f - orc You throw a boomerang.
The boomerang hits the orc.
The orc is heavily wounded.
You slash the orc!
You kill the orc!
You hit the orc but do no damage. The orc hits you but does no damage.
The orc closely misses you.
You barely miss the ogre. You hit the orc. The orc hits you but does no damage.
The ogre hits you with a +0 giant club!
You barely miss the orc.
The orc is almost dead.
You slash the ogre! The orc hits you but does no damage.
The ogre hits you with a +0 giant club!!
Ouch! That really hurt!
You die...

#.........#
##.........#
...........#
#.........#
#.........#
##.......(.#
#..........#
.#....l..<..#..
......O@......#
..#...o(.....##
#....!.....#.#
.###.........#
#...#####.#
###. ..# #. ..
..


You could see an ogre, an iguana and an orc.

Vanquished Creatures
  Sigmund (D:3)
  2 hounds (D:4)
  2 orc wizards (D:4)
  5 adders
  3 worms
  A dart slug (D:2)
  7 orcs
  3 ball pythons
  7 bats
  3 endoplasms
  3 giant cockroaches (D:1)
  4 goblins
  5 hobgoblins
  5 quokkas
  2 frilled lizards (D:3)
  14 kobolds
  7 rats
74 creatures vanquished.

Notes
Turn   | Place    | Note
-------+----------+-------------------------------------------
     0 | D:1      | qw the Gargoyle Fighter began the quest for the Orb.
     0 | D:1      | Reached XP level 1. HP: 14/14 MP: 1/1
     0 | D:1      | 0 ||| qw: Version: 0.1-a-113-g051387a
     0 | D:1      | 0 ||| qw: Game counter: 7240
     0 | D:1      | 0 ||| qw: Always use a shield: true
     0 | D:1      | 0 ||| qw: God list: Okawaru
     0 | D:1      | 0 ||| qw: Allow faded altars: false
     0 | D:1      | 0 ||| qw: Do Orc after D:15 true
     0 | D:1      | 0 ||| qw: Do second Lair branch before Depths: true
     0 | D:1      | 0 ||| qw: Lair rune preference: random
     0 | D:1      | 0 ||| qw: Plans: Normal, Zot, God:TSO, Crypt, Tomb, Zig,
                  | Orb
     0 | D:1      | 0 ||| PLANNING D:1-11
   134 | D:1      | Reached skill level 2 in Axes
   272 | D:1      | Reached XP level 2. HP: 19/19 MP: 2/2
   618 | D:1      | 618 ||| Stepping ~*~*~tactically~*~*~ (stealth).
   859 | D:1      | Reached skill level 3 in Axes
  1171 | D:1      | 1171 ||| UPGRADING to +0 helmet.
  1176 | D:1      | 1176 ||| UPGRADING to ring of resist corrosion.
  1177 | D:1      | 1177 ||| UPGRADING to +4 ring of evasion.
  1178 | D:1      | 1178 ||| READING 2 scrolls labelled YZEPLU MIEG.
  1179 | D:1      | 1179 ||| DRINKING 2 golden potions.
  1180 | D:1      | 1180 ||| DRINKING 2 fizzy clear potions.
  1202 | D:2      | 1202 ||| STAIRDANCE
  1208 | D:2      | 1208 ||| STAIRDANCE
  1213 | D:1      | Reached XP level 3. HP: 21/23 MP: 3/3
  1321 | D:2      | 1321 ||| Stepping ~*~*~tactically~*~*~ (hiding).
  1322 | D:2      | 1322 ||| Stepping ~*~*~tactically~*~*~ (hiding).
  1436 | D:2      | Found an ornate altar of the Wu Jian Council.
  1622 | D:2      | 1622 ||| Stepping ~*~*~tactically~*~*~ (stealth).
  1623 | D:2      | 1623 ||| Stepping ~*~*~tactically~*~*~ (stealth).
  2036 | D:2      | 2036 ||| UPGRADING to +0 plate armour.
  2046 | D:2      | 2046 ||| DROPPING +0 scale mail.
  2047 | D:2      | 2047 ||| READING scroll labelled GAEROL WUEPE.
  2048 | D:2      | 2048 ||| READING scroll labelled ZOMYALULUTO.
  2088 | D:3      | Reached XP level 4. HP: 28/28 MP: 4/4
  2165 | D:3      | 2165 ||| Stepping ~*~*~tactically~*~*~ (stealth).
  2187 | D:3      | 2187 ||| Stepping ~*~*~tactically~*~*~ (stealth).
  2375 | D:3      | Identified the +1 robe "Helu Toq" {rPois}
  2405 | D:3      | Noticed Sigmund
  2406 | D:3      | 2406 ||| DRINKING 2 potions of curing.
  2406 | D:3      | 2406 ||| (to cure confusion)
  2407 | D:3      | 2407 ||| Stepping ~*~*~tactically~*~*~ (hiding).
  2408 | D:3      | 2408 ||| Stepping ~*~*~tactically~*~*~ (hiding).
  2424 | D:3      | Killed Sigmund
  2425 | D:3      | Reached skill level 5 in Axes
  2425 | D:3      | Reached XP level 5. HP: 24/32 MP: 5/5
  2569 | D:3      | Reached XP level 6. HP: 37/37 MP: 6/6
  2811 | D:3      | Found a basalt altar of Yredelemnul.
  2972 | D:3      | 2972 ||| READING scroll labelled SAUZUD PAPHOE.
  2973 | D:3      | 2973 ||| DRINKING 2 metallic blue potions.
  3068 | D:4      | 3068 ||| STAIRDANCE
  3262 | D:4      | 3262 ||| Stepping ~*~*~tactically~*~*~ (stealth).
  3265 | D:4      | 3265 ||| Stepping ~*~*~tactically~*~*~ (stealth).
  3270 | D:4      | 3270 ||| Stepping ~*~*~tactically~*~*~ (stealth).
  3541 | D:4      | Reached skill level 6 in Axes
  3635 | D:4      | Found a hazy altar of Hepliaklqana.
  3636 | D:4      | Found a faded altar of an unknown god.
  3639 | D:4      | 3639 ||| UPGRADING to +0 pair of boots.
  3644 | D:4      | 3644 ||| DROPPING +6 ring of intelligence.
  3645 | D:4      | 3645 ||| READING scroll labelled POPUASH DOXIR.
  3646 | D:4      | 3646 ||| READING scroll labelled VUAZEVUEQUD.
  3647 | D:4      | 3647 ||| READING 5 scrolls of identify.
  3647 | D:4      | 3647 ||| IDENTIFYING orange potion
  3648 | D:4      | 3648 ||| READING 4 scrolls of identify.
  3648 | D:4      | 3648 ||| IDENTIFYING glowing golden potion
  3649 | D:4      | 3649 ||| READING 3 scrolls of identify.
  3649 | D:4      | 3649 ||| IDENTIFYING cyan potion
  3650 | D:4      | 3650 ||| READING 2 scrolls of identify.
  3650 | D:4      | 3650 ||| IDENTIFYING metallic green potion
  3651 | D:4      | 3651 ||| DROPPING potion of invisibility.
  3652 | D:4      | 3652 ||| DROPPING potion of degeneration.
  3677 | D:5      | Entered Level 5 of the Dungeon
  3692 | D:5      | Slain by an ogre

Levels and vault maps discovered:
D:1:      ebering_hopf_link, layout_basic, chequers_serial_rivers_large_a,
          minmay_vboxes
D:2:      layout_basic, basic_altar
D:3:      layout_basic, marbit_many_paths, uniq_sigmund
D:4:      layout_rooms, beargit_hepliaklqana_dungeon_heroes
D:5:      layout_rooms, lemuel_round_altar, minmay_bent

Skill      XL: |  1  2  3  4  5  6 |
---------------+-------------------+-----
Axes           | 2 3 5 6 |  6.0
Fighting       | 4 |  4.2
Armour         | |  3.3
Shields        | |  3.2

Action                   |  1- 3 |  4- 6 || total
-------------------------+-------+-------++-------
Melee: War axe           |   103 |   128 ||   231
Throw: Boomerang         |     4 |    39 ||    43
  Use: Potion            |     2 |     2 ||     4
       Scroll            |     3 |     7 ||    10
Armor: Scale mail        |    49 |       ||    49
       Plate armour      |     2 |    80 ||    82
Dodge: Dodged            |    53 |    62 ||   115
Block: Buckler           |    19 |    27 ||    46

Table legend:
 A = Non-vault XP
 B = Vault XP
 C = Vault XP percentage of total XP
 D = Non-vault monster count
 E = Vault monster count
 F = Vault count percentage of total count
                 A         B        C        D         E       F
            +---------+---------+-------+---------+---------+-------
      Total |     288 |     284 |  49.7 |      65 |       9 |  12.2
            +---------+---------+-------+---------+---------+-------
        D:1 |      25 |      10 |  28.6 |      17 |       6 |  26.1
        D:2 |      44 |       0 |   0.0 |      14 |       0 |   0.0
        D:3 |      34 |     237 |  87.5 |      14 |       2 |  12.5
        D:4 |     176 |      37 |  17.4 |      17 |       1 |   5.6
        D:5 |       9 |       0 |   0.0 |       3 |       0 |   0.0
            +---------+---------+-------+---------+---------+-------
